 Dungeon Crawl Stone Soup version 0.29-a0-364-g921d912d32 (webtiles) character file.

Game seed: 4130133443206693666

135 diecastcamel the Ruffian (level 4, 0/44 HPs)
             Began as a Troll Fighter on Apr 30, 2022.
             Slain by a gnoll
             ... wielding a +0 spear
              (7 damage)
             ... on level 4 of the Dungeon.
             The game lasted 00:08:08 (2784 turns).

diecastcamel the Ruffian (Troll Fighter)            Turns: 2784, Time: 00:08:08

Health: 0/44       AC:  4    Str: 24    XL:     4   Next: 97%
Magic:  3/3        EV:  8    Int:  4    God:
Gold:   237        SH:  7    Dex: 11    Spells: 3/3 levels left

rFire   . . .      SeeInvis .     - Unarmed
rCold   . . .      Faith    .   b - +0 kite shield
rNeg    . . .      Spirit   .   a - +0 robe
rPois   .          Reflect  .   (helmet restricted)
rElec   .          Harm     .   (no cloak)
rCorr   .          Rampage  .   (gloves unavailable)
Will    .....                   (boots unavailable)
Stlth   +.........              (no amulet)
HPRegen 0.94/turn               (no ring)
MPRegen 0.08/turn               (no ring)

@: no status effects
A: large, unfitting armour, claws 3, regeneration 1, shaggy fur 1, tough skin 1
a: no special abilities


You were on level 4 of the Dungeon.
You visited 1 branch of the dungeon, and saw 4 of its levels.

You collected 237 gold pieces.

Inventory:

Hand Weapons
 g - a +0 whip
Missiles
 f - 3 poisoned darts
 i - 170 stones
 k - 4 boomerangs (quivered)
Armour
 a - a +0 robe (worn)
 b - a +0 kite shield (worn)
Scrolls
 d - a scroll of summoning
 j - 2 scrolls of enchant armour
 n - a scroll of vulnerability {unknown}
 o - 2 scrolls of teleportation {unknown}
 q - 2 scrolls of acquirement {unknown}
 r - a scroll of fear {unknown}
Potions
 c - 2 potions of might
 e - 2 potions of curing {unknown}
 h - 3 potions of heal wounds {unknown}
 l - 2 potions of resistance {unknown}
 p - a potion of cancellation {unknown}


   Skills:
 - Level 2.4 Fighting
 - Level 2.4 Dodging
 - Level 2.4 Shields
 + Level 5.2 Unarmed Combat


You had 3 spell levels left.
You didn't know any spells.
Your spell library contained the following spells:

 Spells                   Type           Power      Damage    Failure   Level
 Animate Skeleton         Necr           0%         N/A       80%         1
 Pain                     Necr           0%         1d4       80%         1
 Vampiric Draining        Necr           0%         2d6       99%         3


Dungeon Overview and Level Annotations

Branches:
Dungeon (4/15)
 Temple: D:4-7

Altars:
Qazlal
Uskayaw

Annotations:
D:2 1 runed translucent door, Crazy Yiuf


Innate Abilities, Weirdness & Mutations

You are too large for most types of armour.
You have claws for hands.
Your natural rate of healing is unusually fast.
You are covered in fur. (AC +1)
You have tough skin. (AC +1)


Message History

You block the orc's attack. The gnoll barely misses you.
The gnoll hits you with a +2 flail of holy wrath.
The orc wizard mumbles some strange words.
The orc wizard flickers and vanishes!
Deactivating autopickup; reactivate with Ctrl-A.
An orc comes into view. It is wielding a +0 club.
The orc shouts!
The orc barely misses you. You block the gnoll's attack.
The orc attacks as you move away! The orc hits you with a +0 trident.
The gnoll attacks as you move away! You block the gnoll's attack.
You hear some strange, mumbled words.
You are confused.
The orc hits you but does no damage. The gnoll attacks as you move away!
The gnoll hits you with a +2 flail of holy wrath.
An orc priest comes into view. It is wielding a +3 whip.
The orc priest shouts!
The orc hits you with a +0 club. Something hits you.
An orc priest comes into view. It is wielding a +0 dagger of venom.
You are too confused!
You are too confused!
You barely miss the orc.
The orc priest shouts!
Something hits you. The orc barely misses you. The orc hits you with a +0 club.
The gnoll closely misses you.
You barely miss the gnoll.
You feel less confused. Something hits you. You block the orc's attack.
The gnoll hits you from afar with a +0 spear.
The gnoll closely misses you. The gnoll hits you with a +0 whip.
* * * LOW HITPOINT WARNING * * *
You block the orc's attack.
As you read the scroll of fog, it crumbles to dust.
The scroll dissolves into smoke.
The orc priest looks encouraged for a moment.
You block the orc's attack. The orc hits you with a +0 club.
* * * LOW HITPOINT WARNING * * *
The gnoll hits you from afar with a +0 spear!
You die...

#....#####.#.#..#..#
#########....##....#........
..........#####....##....#..
..........#####....#..#.....
...................#..#.#.#.
..............o.............
....>.....ggo.....###.#.....
..........go§.....)..<##.###
'#########g@{.....###.##..†.
#§§§...o.........##
#†......#.##.###.#
#.....###....#...#
#.....###..###.####
#.....'.....[#.....
#.....######.###### #.....#
.# #######


You could see 2 orc priests, 4 gnolls and 2 orcs.

Vanquished Creatures
  An iguana (D:2)
  Natasha (D:4)
  2 adders (D:2)
  3 worms (D:2)
  5 ball pythons
  5 bats
  3 endoplasms
  2 giant cockroaches
  5 goblins
  6 hobgoblins
  9 jackals
  3 quokkas
  4 kobolds
  2 rats
51 creatures vanquished.

Vanquished Creatures (others)
  2 fungi (D:2)
2 creatures vanquished.

Grand Total: 53 creatures vanquished

Notes
Turn   | Place    | Note
-------+----------+-------------------------------------------
     0 | D:1      | diecastcamel the Troll Fighter began the quest for the Orb.
     0 | D:1      | Reached XP level 1. HP: 22/22 MP: 0/0
   119 | D:1      | Reached XP level 2. HP: 27/29 MP: 1/1
   256 | D:1      | Reached skill level 3 in Unarmed Combat
   826 | D:2      | Reached XP level 3. HP: 36/36 MP: 2/2
   838 | D:2      | Reached skill level 4 in Unarmed Combat
  1001 | D:2      | Reached XP level 4. HP: 43/44 MP: 3/3
  1578 | D:2      | Identified the +4 hand axe of Gics {protect, Fragile rCorr
                  | SInv}
  1641 | D:2      | Found a runed translucent door.
  1642 | D:2      | Noticed Crazy Yiuf
  2081 | D:3      | Found a stormy altar of Qazlal.
  2082 | D:3      | Noticed an earth elemental
  2084 | D:3      | Noticed an air elemental
  2084 | D:3      | Noticed a water elemental
  2084 | D:3      | Noticed a fire elemental
  2307 | D:3      | Found a hide-covered altar of Uskayaw.
  2561 | D:4      | Noticed Natasha
  2569 | D:4      | Killed Natasha
  2570 | D:4      | Reached skill level 5 in Unarmed Combat
  2784 | D:4      | Slain by a gnoll

Illustrated notes

Levels and vault maps discovered:
D:1:      dpeg_arrival_shrine, layout_loops_ring
D:2:      layout_loops_ring, minmay_pentomino_o4, uniq_crazy_yiuf_cottage
D:3:      layout_basic, lemuel_round_altar, nicolae_qazlal_style_of_elements
D:4:      layout_basic, gup_sewer_entry_bowl, uniq_natasha

Skill      XL: |  1  2  3  4 |
---------------+-------------+-----
Unarmed Combat | 3 4 5 |  5.2
Fighting       | |  2.4
Dodging        | |  2.4
Shields        | |  2.4

Action                   |  1- 3 |  4- 6 || total
-------------------------+-------+-------++-------
Melee: Unarmed           |    74 |    50 ||   124
Throw: Stone             |    12 |       ||    12
       Boomerang         |       |     6 ||     6
  Use: Potion            |     1 |       ||     1
       Scroll            |       |     4 ||     4
Armor: Robe              |    15 |    12 ||    27
Dodge: Dodged            |    17 |    19 ||    36
Block: Kite shield       |    16 |    24 ||    40

Table legend: (Time is in decaauts)
 A = Elapsed time spent in this place.
 B = Non-inter-level travel time spent in this place.
 C = Inter-level travel time spent in this place.
 D = Time resting spent in this place.
 E = Time spent auto-exploring this place.
 F = Levels seen in this place.
 G = Mean time per level.
                   A        B        C        D        E       F      G
               +--------+--------+--------+--------+--------+-----+--------+
         Total |   2797 |   2635 |    162 |      0 |   2079 |   4 |  699.2 |
       Dungeon |   2797 |   2635 |    162 |      0 |   2079 |   4 |  699.2 |
               +--------+--------+--------+--------+--------+-----+--------+

Top non-repeatable levels by time:
     D:2: 910 daAuts
     D:3: 840 daAuts
     D:1: 822 daAuts
     D:4: 223 daAuts
